 Dungeon Crawl Stone Soup version 0.29-a0-837-g174bc33265 (webtiles) character file.

Game seed: 7649946282683517775

753 Ijustatesigmund the Firebug (level 7, -5/75 HPs)
             Began as a Hill Orc Fire Elementalist on July 13, 2022.
             Was a Follower of Cheibriados.
             Slain by a killer bee (9 damage)
             ... on level 5 of the Dungeon.
             The game lasted 00:11:47 (8841 turns).

Ijustatesigmund the Firebug (HOFE)                  Turns: 8841, Time: 00:11:48

Health: -5/75      AC:  3    Str: 13    XL:     7   Next: 79%
Magic:  19/19      EV: 11    Int: 19    God:    Cheibriados [*.....]
Gold:   332        SH:  0    Dex: 13    Spells: 4/11 levels left

rFire   . . .      SeeInvis .   e - +0 hand axe
rCold   . . .      Faith    .   (no shield)
rNeg    . . .      Spirit   .   a - +0 leather armour
rPois   .          Reflect  .   (no helmet)
rElec   .          Harm     .   (no cloak)
rCorr   .          Rampage  .   (no gloves)
Will    .....                   (no boots)
Stlth   ..........              h - amulet of magic regeneration
HPRegen 0.22/turn               g - ring of magical power
MPRegen 0.56/turn               (no ring)

@: berserking, lethally poisoned (-5 -> -9), very slow
A: no striking features
a: Renounce Religion, Bend Time


You were on level 5 of the Dungeon.
You worshipped Cheibriados.
Cheibriados was aware of your devotion.
You visited 2 branches of the dungeon, and saw 7 of its levels.

You collected 332 gold pieces.

Inventory:

Hand Weapons
 e - a +0 hand axe (weapon)
Armour
 a - a +0 leather armour (worn)
Jewellery
 g - a ring of magical power (left hand)
 h - an amulet of magic regeneration (around neck)
Scrolls
 d - 3 scrolls of magic mapping
 l - a scroll of teleportation
 n - 3 scrolls of identify
 q - a scroll of fog
Potions
 b - 2 potions of magic
 c - 2 potions of resistance
 f - a potion of lignification
 i - a potion of curing
 j - a potion of attraction
 m - 2 potions of heal wounds
 o - 3 potions of invisibility


   Skills:
 - Level 3.1 Axes
 - Level 1.6 Armour
 - Level 1.5 Dodging
 - Level 1.5 Stealth
 + Level 2.5 Spellcasting
 + Level 4.7 Conjurations
 + Level 6.1 Fire Magic
 + Level 2.9 Invocations


You had 4 spell levels left.
You knew the following spells:

 Your Spells              Type           Power      Damage    Failure   Level
a - Foxfire               Conj/Fire      92%        2x1d8     2%          1
b - Scorch                Fire           50%        2d8       2%          2
c - Flame Wave            Conj/Fire      23%        2d7       22%         4

Your spell library contained the following spells:

 Spells                   Type           Power      Damage    Failure   Level
 Magic Dart               Conj           80%        1d7       3%          1
 Conjure Flame            Conj/Fire      23%        6-21      6%          3
 Static Discharge         Conj/Air       11%        3-5/arc   12%         2
 Inner Flame              Hex/Fire       14%        N/A       17%         3
 Call Imp                 Summ           2%         N/A       30%         2
 Ensorcelled Hibernation  Hex/Ice        4%         N/A       30%         2
 Mephitic Cloud           Conj/Pois/Air  8%         N/A       32%         3
 Gell's Gravitas          Tloc           2%         N/A       52%         3
 Lesser Beckoning         Tloc           2%         N/A       52%         3
 Spider Form              Tmut/Pois      2%         N/A       52%         3
 Teleport Other           Tloc           2%         N/A       52%         3
 Anguish                  Hex/Necr       1%         N/A       90%         4
 Lightning Bolt           Conj/Air       5%         1d17      91%         5
 Maxwell's Capacitive Co  Air            1%         ∞         100%        8


Dungeon Overview and Level Annotations

Branches:
Dungeon (6/15)             Temple (1/1) D:4

Altars:
Ashenzari
Cheibriados
Elyvilon
Fedhas
Kikubaaqudgha
Okawaru
Trog
Xom
Yredelemnul
The Shining One

Shops:
D:1 :   D:4 :


Message History

Confirm with . or Enter, or press ? or * to list all spells.
You conjure some foxfire!
The foxfire hits the scorpion.
The scorpion is moderately wounded.
The killer bee stings you.
An iguana comes into view.
The foxfire hits the killer bee.
The killer bee is lightly wounded.
The foxfire hits the killer bee.
The killer bee is severely wounded.
The killer bee stings you. The killer bee stings you.
The killer bee barely misses you. The killer bee stings you!
The killer bee stings you.
You are poisoned.
The killer bee poisons you! The killer bee stings you.
You climb upwards.
You feel sick.
There is a stone staircase leading down here.
You feel better.
The killer bee stings you but does no damage.
The killer bee stings you. The killer bee closely misses you.
The killer bee stings you!
A red film seems to cover your vision as you go berserk!
Cheibriados forces you to slow down.
You feel mighty! The killer bee misses you. The killer bee closely misses you.
The killer bee stings you but does no damage.
The killer bee stings you!
* * * LOW HITPOINT WARNING * * *
You are poisoned.
The killer bee poisons you!
You closely miss the killer bee.
The killer bee is lightly wounded.
You hit the killer bee.
You feel sick. The killer bee stings you!
* * * LOW HITPOINT WARNING * * *
The killer bee closely misses you. The killer bee stings you!
* * * LOW HITPOINT WARNING * * *
The killer bee closely misses you.
You are too berserk!
You miss the killer bee.
The killer bee is lightly wounded.
You slash the killer bee! The killer bee stings you!
You die...

..####.#####.# ### #.# #.#
#.# #.# #.# #.# ######### ###
####.#####.# ######.......#
#.. ###..........#
#.......####.###.#
.##.#..#.#####
#.#.....####.....# ..#.#..#.#
#y#.......##..)... .......#.#
#@#.....#....))..# ###.##.#.#
#y<.....####.##..# #.#....#
#............##... #......#
#.##.##.#######<.#
###...########....##.# #...
#..........#.#####.# ####
#..#######!#.#####.##########
#####..# #.........#.....#...
.......# #.#.##.####.....#.##


You could see 2 killer bees.

Vanquished Creatures
  A black bear (D:5)
  2 scorpions (D:5)
  A necrophage (D:5)
  A howler monkey (D:5)
  A jelly (D:4)
  A hound (D:4)
  3 orc priests
  2 orc wizards (D:3)
  Natasha (twice) (D:2)
  5 adders
  A shadow imp (D:3)
  An ufetubus (D:4)
  3 worms
  A dart slug (D:1)
  26 orcs
  6 ball pythons
  9 endoplasms
  5 giant cockroaches
  2 goblins (D:3)
  6 hobgoblins
  3 jackals (D:5)
  5 quokkas
  5 bats
  6 frilled lizards
  8 kobolds
  4 rats
110 creatures vanquished.

Vanquished Creatures (others)
  261 foxfires
261 creatures vanquished.

Grand Total: 371 creatures vanquished

Notes
Turn   | Place    | Note
-------+----------+-------------------------------------------
     0 | D:1      | Ijustatesigmund the Hill Orc Fire Elementalist began the
                  | quest for the Orb.
     0 | D:1      | Reached XP level 1. HP: 14/14 MP: 3/3
   332 | D:1      | Reached XP level 2. HP: 20/20 MP: 1/4
   367 | D:1      | Learned a level 2 spell: Scorch
   763 | D:1      | Found Xosemeca's Book Shoppe.
   861 | D:1      | Found a faded altar of an unknown god.
   881 | D:1      | Reached XP level 3. HP: 26/26 MP: 1/5
  1009 | D:1      | Reached skill level 4 in Fire Magic
  1470 | D:2      | Reached skill level 1 in Axes
  2083 | D:3      | Found a bloodstained altar of Trog.
  2091 | D:3      | Reached XP level 4. HP: 28/33 MP: 3/6
  2384 | D:3      | Found a broken altar of Ashenzari.
  2966 | D:3      | Reached XP level 5. HP: 38/38 MP: 7/7
  3205 | D:3      | Found an iron altar of Okawaru.
  3372 | D:3      | Noticed Natasha
  3948 | D:2      | Killed Natasha
  3980 | D:2      | Noticed Natasha
  3986 | D:2      | Killed Natasha
  4449 | D:3      | Reached skill level 5 in Fire Magic
  4510 | D:3      | Reached skill level 1 in Armour
  4510 | D:3      | Reached XP level 6. HP: 32/45 MP: 8/8
  5217 | D:4      | Identified the +4 dagger "Zacoqyra" {venom, Dex+4}
  5737 | D:4      | Learned a level 4 spell: Flame Wave
  6108 | D:4      | Found Qabas's Book Shop.
  6438 | D:4      | Found a staircase to the Ecumenical Temple.
  6446 | Temple   | Entered the Ecumenical Temple
  6453 | Temple   | Became a worshipper of Cheibriados the Contemplative
  6803 | D:5      | Entered Level 5 of the Dungeon
  6938 | D:5      | Reached skill level 1 in Invocations
  6938 | D:5      | Reached XP level 7. HP: 49/50 MP: 9/9
  7826 | D:5      | Reached skill level 6 in Fire Magic
  8032 | D:5      | Reached * piety under Cheibriados
  8840 | D:5      | HP: 3/75 [killer bee (8)]
  8841 | D:5      | Slain by a killer bee

Illustrated notes

Levels and vault maps discovered:
D:1:      spicycebolla_green_bress_n_ham_2, layout_basic,
          ebering_ecumenical_altar_box, serial_shops, nicolae_lakefront_shop
D:2:      layout_rooms
D:3:      layout_loops_ring, trog_three_pillars_becter,
          mainiacjoe_overflow_swirl, chequers_serial_rivers_large_a,
          minmay_quantized, uniq_natasha
D:4:      layout_layer_cave, minmay_temple_entry_hall, serial_shops,
          nicolae_shop_trees
D:5:      layout_loops_cross
D:6:      layout_basic, zin_treasury
Temple:   cyrus_circular_temple

Skill      XL: |  1  2  3  4  5  6  7 |
---------------+----------------------+-----
Conjurations   | 2 3 4 |  4.7
Fire Magic     | 4 5 6 |  6.1
Axes           | 1 2 3 |  3.1
Armour         | 1 |  1.6
Invocations    | 1 2 |  2.9
Spellcasting   | 2 |  2.5
Dodging        | |  1.5
Stealth        | |  1.5

Action                   |  1- 3 |  4- 6 |  7- 9 || total
-------------------------+-------+-------+-------++-------
Melee: Whip              |     6 |       |       ||     6
       Hand axe          |     8 |    83 |    37 ||   128
       Punch             |       |     2 |     1 ||     3
 Cast: Foxfire           |    67 |    67 |    22 ||   156
       Scorch            |     3 |    32 |    10 ||    45
  Use: Scroll            |     9 |     6 |     1 ||    16
       Potion            |       |       |     3 ||     3
 Stab: Sleeping          |       |     1 |     1 ||     2
       Invisible         |       |       |     1 ||     1
Armor: Robe              |     2 |    10 |       ||    12
       Leather armour    |       |    20 |    16 ||    36
Dodge: Dodged            |    11 |    69 |    58 ||   138

Table legend: (Time is in decaauts)
 A = Elapsed time spent in this place.
 B = Non-inter-level travel time spent in this place.
 C = Inter-level travel time spent in this place.
 D = Time resting spent in this place.
 E = Time spent auto-exploring this place.
 F = Levels seen in this place.
 G = Mean time per level.
                   A        B        C        D        E       F      G
               +--------+--------+--------+--------+--------+-----+--------+
         Total |   9199 |   9013 |    186 |   3403 |   4501 |   7 | 1314.1 |
       Dungeon |   9182 |   9005 |    177 |   3403 |   4501 |   6 | 1530.3 |
        Temple |     16 |      8 |      8 |      0 |      0 |   1 |   16.0 |
               +--------+--------+--------+--------+--------+-----+--------+

Top non-repeatable levels by time:
     D:5: 2264 daAuts
     D:2: 2161 daAuts
     D:3: 1807 daAuts
     D:4: 1703 daAuts
     D:1: 1240 daAuts
  Temple: 16 daAuts
     D:6: 5 daAuts
